cohdb
Replays
Latest Replays
All Replays
Popular Replays
Top Player Replays
Match Explorer
How It Works
Community
CoH3 Stats
Reddit
Sign in to upload your games and track your stats! →
Sign in with Steam
Match 37877469
Unlisted
Match 37877469
Overview
Messages
Build Orders
End
Panzergrenadier Squad
250 Light Carrier
Panzerpioneer Squad
Construct Light Support Kompanie
MG34 Team
Selects Armored Support Battlegroup
Selects Superior Fire Drills
Panzerjäger Squad
Construct Mechanized Kompanie
Panzerjäger Mechanized Group
Selects Flammpanzer III Medium Tank
Flammpanzer III Medium Tank
Vehicle Survival Package
Construct Panzerarmee Kommand
Selects Salvage Kits
Walking Stuka Rocket Launcher
Rapid Advance
Panzer III L Medium Tank
Googlexuan
Orange
南风不知秋意
可爱耄耋
Honey
khj
HISTORYofBASTARDS
2PeriodBlood7
0
0
Comments
sign in to comment!
No comments posted yet!